 Dungeon Crawl Stone Soup version 0.29-a0-542-g075992c915 (console) character file.

Game seed: 15970721361373659881

191 Banquo the Chopper (level 6, -6/51 HPs)
             Began as a Meteoran Fighter on June 3, 2022.
             Was a Follower of Ru.
             Mangled by Sigmund
             ... wielding a +0 scythe
              (13 damage)
             ... on level 5 of the Dungeon.
             The game lasted 00:10:14 (1616 turns).

Banquo the Chopper (Meteoran Fighter)               Turns: 1616, Time: 00:10:14

Health: -6/51      AC: 13    Str: 19    XL:     6   Next: 22%
Magic:  7/7        EV:  5    Int: 11    God:    Ru [*.....]
Gold:   228        SH:  5    Dex: 13    Spells: 5/5 levels left

rFire   . . .      SeeInvis .   a - +0 war axe (chaos)
rCold   . . .      Faith    .   c - +0 buckler
rNeg    . . .      Spirit   .   k - +1 plate armour
rPois   .          Reflect  .   (no helmet)
rElec   .          Harm     .   (no cloak)
rCorr   .          Rampage  .   (no gloves)
Will    .....                   (no boots)
Stlth   ..........              (no amulet)
HPRegen 0.17/turn               (no ring)
MPRegen 0.10/turn               (no ring)

@: glowing, unable to read
A: sense surroundings 1, inability to read while threatened, otherworldly,
glowing, explore regen
a: Renounce Religion


You were on level 5 of the Dungeon.
You worshipped Ru.
Ru was aware of your devotion.
You visited 1 branch of the dungeon, and saw 5 of its levels.

You collected 228 gold pieces.

Inventory:

Hand Weapons
 a - a +0 war axe of chaos (weapon)
 g - a +0 spear
 j - a +0 spear
 n - a +0 war axe
Missiles
 m - a throwing net (quivered)
 q - 2 boomerangs
Armour
 b - a +0 scale mail
 c - a +0 buckler (worn)
 k - a +1 plate armour (worn)
Magical Staves
 p - a staff of poison
Scrolls
 f - a scroll of teleportation
 o - a scroll of identify {unknown}
Potions
 d - 2 potions of might
 e - 2 potions of curing {unknown}
 h - 2 potions of mutation {unknown}
 i - a potion of brilliance {unknown}
 l - a potion of berserk rage {unknown}


   Skills:
 + Level 3.5 Fighting
 * Level 6.0 Axes
 * Level 4.5 Armour
 + Level 3.9 Shields


You had 5 spell levels left.
You didn't know any spells.
Your spell library contained the following spells:

 Spells                   Type           Power      Damage    Failure   Level
 Beastly Appendage        Tmut           0%         N/A       100%        1
 Wereblood                Tmut           0%         N/A       100%        2
 Spider Form              Tmut/Pois      0%         N/A       100%        3


Dungeon Overview and Level Annotations

Branches:
Dungeon (5/15)
 Temple: D:4-7

Altars:
Ru

Shops:
D:1 (!![

Annotations:
D:5 Sigmund


Innate Abilities, Weirdness & Mutations

You passively map a small area around you.
You sometimes lose the ability to read scrolls when taking damage.
You are easily found by Zot.
You glow in the dark.
You regain HP and MP as you explore.


Message History

There is an open door here.
You open the door.
Found a book of the Spheres.
You open the door.
There is an open door here.
There is an open door here.
There is a stone staircase leading down here.
You climb downwards.
Sigmund shouts!
Found an escape hatch in the floor.
There is a stone staircase leading up here.
Sigmund points at you and mumbles some strange words.
You easily resist.
Sigmund hits you but does no damage.
You slash Sigmund!
Sigmund suddenly seems more agile.
Sigmund is heavily wounded.
You slash Sigmund!
Sigmund is almost dead.
Sigmund barely misses you.
You miss Sigmund.
Sigmund is almost dead.
Sigmund mumbles some strange words.
Sigmund flickers and vanishes!
Deactivating autopickup; reactivate with Ctrl-A.
You miss something.
You hear some strange, mumbled words.
A magic dart appears from out of thin air!
The magic dart hits you but does no damage.
You closely miss something. Something hits you but does no damage.
You hit something but do no damage. Something hits you! Something hits you.
You completely miss something. Something hits you.
You closely miss something. Something hits you.
You miss something. Something hits you!
You feel threatened and lose the ability to read scrolls!
You closely miss something. Something hits you!
* * * LOW HITPOINT WARNING * * *
Something hits you but does no damage.
You barely miss something. Something hits you but does no damage.
You barely miss something. Something hits you!
You die...

, ,
, ,
**
###
#.>
,
#.#
,
#{#,
,
#@#,
#.#
,, ,
#.#
,
#<#
, *
###
, *
* *
*,,
,


There were no monsters in sight!

Vanquished Creatures
  A hound (D:4)
  An iguana (D:4)
  4 gnolls (D:3)
  An adder (D:4)
  3 worms
  7 orcs
  7 ball pythons
  6 bats
  4 endoplasms
  5 giant cockroaches
  10 goblins
  6 hobgoblins
  2 jackals (D:4)
  4 kobolds
  A quokka (D:2)
  4 frilled lizards
  A rat (D:3)
67 creatures vanquished.

Notes
Turn   | Place    | Note
-------+----------+-------------------------------------------
     0 | D:1      | Banquo the Meteoran Fighter began the quest for the Orb.
     0 | D:1      | Reached XP level 1. HP: 19/19 MP: 2/2
   126 | D:1      | Found Raojoth's Weapon Emporium.
   130 | D:1      | Reached skill level 3 in Axes
   130 | D:1      | Reached XP level 2. HP: 26/26 MP: 3/3
   149 | D:1      | Found Ronuw's Distillery.
   185 | D:1      | Found Leaziby's Antique Armour Shop.
   260 | D:1      | Found Cem Horr's Distillery.
   390 | D:2      | Reached XP level 3. HP: 31/31 MP: 4/4
   504 | D:2      | Found a faded altar of an unknown god.
   516 | D:2      | Prayed at the altar of an unknown god.
   516 | D:2      | Became a worshipper of Ru the Awakened
   541 | D:2      | Gained mutation: You sometimes lose the ability to read
                  | scrolls when taking damage. [Ru sacrifice]
   541 | D:2      | Reached * piety under Ru
   637 | D:2      | Reached skill level 4 in Axes
   792 | D:3      | Reached XP level 4. HP: 38/38 MP: 5/5
   996 | D:3      | Reached skill level 5 in Axes
   996 | D:3      | Reached XP level 5. HP: 30/45 MP: 6/6
  1396 | D:4      | Reached XP level 6. HP: 45/51 MP: 7/7
  1480 | D:4      | Reached skill level 6 in Axes
  1601 | D:5      | Entered Level 5 of the Dungeon
  1601 | D:5      | Noticed Sigmund
  1616 | D:5      | Mangled by Sigmund

Illustrated notes

Levels and vault maps discovered:
D:1:      onia_arrival_mini_maze_b, layout_loops_ring, serial_shops,
          nicolae_shop_stone, nicolae_shop_statue_plus, shop,
          nicolae_shop_advertising_works [nicolae_subvault_shop_adworks],
          nrook_mini_backslash
D:2:      kennysheep_the_goblin_king, layout_loops_cross, basic_ecumenical_altar
D:3:      layout_basic, serial_forest, infiniplex_forest_diagonal,
          infiniplex_forest_lined_corner, infiniplex_forest_corner_2,
          infiniplex_forest_lined_2
D:4:      layout_basic, st_stairs_1
D:5:      layout_basic, mainiacjoe_overflow_alcove_2, uniq_pikel, uniq_menkaure,
          uniq_eustachio, uniq_sigmund

Skill      XL: |  1  2  3  4  5  6 |
---------------+-------------------+-----
Axes           | 3 4 5 6 |  6.0
Armour         | 4 |  4.5
Fighting       | |  3.5
Shields        | |  3.9

Action                   |  1- 3 |  4- 6 || total
-------------------------+-------+-------++-------
Melee: War axe           |    79 |    95 ||   174
Invok: Sacrifice Words   |     1 |       ||     1
  Use: Scroll            |       |     6 ||     6
Armor: Scale mail        |     8 |       ||     8
       Plate armour      |    54 |    49 ||   103
Dodge: Dodged            |    18 |    25 ||    43
Block: Buckler           |    29 |    16 ||    45

Table legend: (Time is in decaauts)
 A = Elapsed time spent in this place.
 B = Non-inter-level travel time spent in this place.
 C = Inter-level travel time spent in this place.
 D = Time resting spent in this place.
 E = Time spent auto-exploring this place.
 F = Levels seen in this place.
 G = Mean time per level.
                   A        B        C        D        E       F      G
               +--------+--------+--------+--------+--------+-----+--------+
         Total |   1670 |   1565 |    105 |      0 |    279 |   5 |  334.0 |
       Dungeon |   1670 |   1565 |    105 |      0 |    279 |   5 |  334.0 |
               +--------+--------+--------+--------+--------+-----+--------+

Top non-repeatable levels by time:
     D:2: 490 daAuts
     D:4: 457 daAuts
     D:3: 380 daAuts
     D:1: 324 daAuts
     D:5: 17 daAuts
